 Dungeon Crawl Stone Soup version 0.24-a0-434-gd57e52fea8 (webtiles) character file.

Game seed: 3170368058922631830

261 Inquire the Distorting Octopus (level 6, -1/43 HPs)
             Began as an Octopode Abyssal Knight on June 16, 2019.
             Was a Believer of Lugonu.
             Slain by an ogre
             ... wielding a +0 giant club
              (11 damage)
             ... on level 4 of the Dungeon.
             The game lasted 00:04:46 (2533 turns).

Inquire the Distorting Octopus (OpAK)               Turns: 2533, Time: 00:04:46

Health: -1/43      AC:  1    Str: 11      XL:     6   Next: 18%
Magic:  9/9        EV: 20    Int: 13 (15) God:    Lugonu [**....]
Gold:   138        SH:  0    Dex: 18      Spells: 5/5 levels left

rFire    . . .     SeeInvis .   a - +1 mace
rCold    . . .     Gourm    .   (no shield)
rNeg     . . .     Faith    .   (helmet restricted)
rPois    .         Spirit   .   (no amulet)
rElec    .         Reflect  .   (no ring)
rCorr    .         Harm     .   (no ring)
MR       .....                  (no ring)
Stlth    ++++......             (no ring)
HPRegen  0.00/turn              (no ring)
MPRegen  0.11/turn              (no ring)
                                (no ring)
                                (no ring)

@: agile
A: almost no armour, stealthy swim, amphibious, 8 rings, constrict 8, tentacle
spike 1, camouflage 1, inhibited regeneration, gelatinous body 1
a: Depart the Abyss, Bend Space, Renounce Religion


You were on level 4 of the Dungeon.
You worshipped Lugonu.
Lugonu was pleased with you.
You were not hungry.

You visited 1 branch of the dungeon, and saw 4 of its levels.
You visited the Abyss 1 time.

You collected 138 gold pieces.

Inventory:

Hand Weapons
 a - a +1 mace (weapon)
Scrolls
 d - a scroll of remove curse
 g - 2 scrolls of teleportation {unknown}
 h - a scroll of amnesia {unknown}
 i - a scroll of enchant armour {unknown}
 j - a scroll of blinking {unknown}
 l - a scroll of random uselessness
Potions
 e - a potion of haste
 k - a potion of might
Comestibles
 b - 3 rations


   Skills:
 + Level 3.8 Fighting
 * Level 3.9 Maces & Flails
 + Level 3.3 Dodging
 * Level 4.2 Invocations


You had 5 spell levels left.
You didn't know any spells.
Your spell library was empty.

Dungeon Overview and Level Annotations

Branches:
Dungeon (4/15)
 Temple: D:4-7

Altars:
Yredelemnul

Annotations:
D:3 Sigmund


Innate Abilities, Weirdness & Mutations

You cannot wear most types of armour.
You are very stealthy in the water. (Stealth+)
You are amphibious.
You can wear up to eight rings at the same time.
You can use your tentacles to constrict eight enemies at once.
Your skin changes colour to match your surroundings (Stealth+).
Your rubbery body absorbs attacks. (AC +1, EV +1)
One of your tentacles bears a spike.
You do not regenerate when monsters are visible.


Message History

Unknown command.
Okay, then.
You feel agile all of a sudden.
You thump the ogre!
The ogre is moderately wounded.
The ogre hits you with a +0 giant club!
You hit the ogre. You squeeze the ogre.
The ogre is heavily wounded.
The ogre barely misses you.
You hit the ogre.
You pierce the ogre.
The ogre is severely wounded.
The ogre closely misses you.
You hit the ogre but do no damage.
The ogre is severely wounded.
The ogre hits you with a +0 giant club!!
* * * LOW HITPOINT WARNING * * *
You sock the ogre!
The ogre is almost dead.
The ogre hits you with a +0 giant club!
You die...

..# ... ..# ..#
..# ..##.##
###....... #.@O.#
.####
#.#####.....
#..####..###
#......#.........
...##.###.##..##
. ..# ##.#..# .##
##.##..# #.
..#.....<######
#. #
#..............#
#.


You could see an ogre.

Vanquished Creatures
  An ogre (D:4)
  Jessica (D:2)
  Natasha (twice) (D:2)
  A worker ant (D:4)
  A worm (D:4)
  A dart slug (D:3)
  A leopard gecko (D:1)
  An orc (D:3)
  8 bats
  2 giant cockroaches
  11 goblins
  13 hobgoblins
  9 jackals
  5 kobolds
  4 frilled lizards
  4 rats
65 creatures vanquished.

Notes
Turn   | Place    | Note
-------+----------+-------------------------------------------
     0 | Abyss:1  | Inquire the Octopode Abyssal Knight began the quest for the
                  | Orb.
     0 | Abyss:1  | Reached XP level 1. HP: 16/16 MP: 2/2
   222 | Abyss:1  | Noticed a small abomination
   225 | Abyss:1  | Noticed a spatial vortex
   226 | D:1      | Escaped the Abyss
   239 | D:1      | Reached * piety under Lugonu
   284 | D:1      | Reached XP level 2. HP: 21/21 MP: 3/3
   451 | D:1      | Reached XP level 3. HP: 22/26 MP: 4/4
  1226 | D:2      | Gained mutation: Potions are less effective at restoring
                  | your health. [potion of mutation]
  1226 | D:2      | Gained mutation: You are partially covered in iridescent
                  | scales. (AC +2) [potion of mutation]
  1226 | D:2      | Gained mutation: Your spells are a little easier to cast,
                  | but a little less powerful. [potion of mutation]
  1226 | D:2      | Gained mutation: You are resistant to hostile enchantments.
                  | (MR+) [potion of mutation]
  1248 | D:2      | Reached skill level 3 in Invocations
  1418 | D:2      | Found a basalt altar of Yredelemnul.
  1429 | D:2      | Reached ** piety under Lugonu
  1468 | D:2      | Noticed Natasha
  1475 | D:2      | Killed Natasha
  1475 | D:2      | Reached XP level 4. HP: 31/31 MP: 6/6
  1516 | D:2      | Noticed Natasha
  1523 | D:2      | Killed Natasha
  1566 | D:2      | Lost mutation: You are resistant to hostile enchantments.
                  | (MR+) [potion of mutation]
  1566 | D:2      | Lost mutation: Potions are less effective at restoring your
                  | health. [potion of mutation]
  1566 | D:2      | Lost mutation: Your spells are a little easier to cast, but
                  | a little less powerful. [potion of mutation]
  1566 | D:2      | Gained mutation: You are robust. (+10% HP) [potion of
                  | mutation]
  1566 | D:2      | Gained mutation: You are occasionally teleported next to
                  | monsters. [potion of mutation]
  1566 | D:2      | Lost mutation: You are robust. (+10% HP) [potion of
                  | mutation]
  1566 | D:2      | Gained mutation: Your system is resistant to poisons.
                  | (rPois) [potion of mutation]
  1664 | D:2      | Noticed Jessica
  1671 | D:2      | Killed Jessica
  1671 | D:2      | Reached XP level 5. HP: 36/36 MP: 7/7
  1901 | D:3      | Noticed Sigmund
  2169 | D:4      | Lost mutation: Your system is resistant to poisons. (rPois)
                  | [potion of mutation]
  2169 | D:4      | Lost mutation: You are partially covered in iridescent
                  | scales. (AC +2) [potion of mutation]
  2169 | D:4      | Lost mutation: You are occasionally teleported next to
                  | monsters. [potion of mutation]
  2169 | D:4      | Gained mutation: You do not regenerate when monsters are
                  | visible. [potion of mutation]
  2169 | D:4      | Gained mutation: One of your tentacles bears a spike.
                  | [potion of mutation]
  2180 | D:4      | Noticed an ogre
  2199 | D:4      | Killed an ogre
  2199 | D:4      | Reached skill level 4 in Invocations
  2199 | D:4      | Reached XP level 6. HP: 5/43 MP: 7/9
  2533 | D:4      | Slain by an ogre

Levels and vault maps discovered:
D:1:      tarquinn_simple_flora_water_e, layout_loops_ring, st_stairs_4
D:2:      wander_river, layout_basic, nicolae_overflow_crystal_walls,
          uniq_jessica, uniq_natasha
D:3:      layout_loops_ring, ebering_ghost_disaster_area, uniq_sigmund
D:4:      layout_loops_ring, uniq_pikel, uniq_menkaure

Skill      XL: |  1  2  3  4  5 |
---------------+----------------+-----
Invocations    | 3 4 |  4.2
Maces & Flails | 3 |  3.9
Dodging        | 3 |  3.3
Fighting       | |  3.8

Action                   |  1- 3 |  4- 6 || total
-------------------------+-------+-------++-------
Melee: Mace              |    73 |    45 ||   118
       Constrict         |    21 |    10 ||    31
       Tentacles         |     8 |     8 ||    16
       Kick              |       |     2 ||     2
Invok: Depart the Abyss  |     1 |       ||     1
  Use: Scroll            |     4 |     4 ||     8
       Potion            |     3 |     4 ||     7
 Stab: Sleeping          |     3 |     5 ||     8
  Eat: Chunk             |     2 |     3 ||     5
Armor: Skin              |     7 |     5 ||    12
Dodge: Dodged            |    52 |    24 ||    76

Table legend:
 A = Non-vault XP
 B = Vault XP
 C = Vault XP percentage of total XP
 D = Non-vault monster count
 E = Vault monster count
 F = Vault count percentage of total count
                 A         B        C        D         E       F
            +---------+---------+-------+---------+---------+-------
      Total |     295 |      79 |  21.1 |      60 |       5 |   7.7
            +---------+---------+-------+---------+---------+-------
        D:1 |      51 |       6 |  10.5 |      28 |       3 |   9.7
        D:2 |      57 |      73 |  56.2 |      13 |       2 |  13.3
        D:3 |      20 |       0 |   0.0 |      10 |       0 |   0.0
        D:4 |     167 |       0 |   0.0 |       9 |       0 |   0.0
            +---------+---------+-------+---------+---------+-------
